 Dungeon Crawl Stone Soup version 0.29-a0-330-g52719c12eb (webtiles) character file.

Game seed: 6420975436858347351

53013 Ajdolov the Convoker (level 14, -9/57 HPs)
             Began as a Felid Summoner on Apr 19, 2022.
             Was the Champion of Hepliaklqana.
             Engulfed by their own flame (20 damage)
             ... on level 15 of the Dungeon.
             The game lasted 01:36:50 (37081 turns).

Ajdolov the Convoker (Felid Summoner)              Turns: 37081, Time: 01:36:50

Health: -9/57      AC:  3    Str:  4    XL:     14   Next: 29%
Magic:  14/27      EV: 32    Int: 23    God:    Hepliaklqana [******]
Gold:   4408       SH:  0    Dex: 18    Spells: 0/29 levels left
                                        Lives:  0   Deaths: 3

rFire   . . .      SeeInvis +   (weapon unavailable)
rCold   + . .      Faith    .   (shield unavailable)
rNeg    . . .      Spirit   .   (body armour unavailable)
rPois   .          Reflect  .   (helmet unavailable)
rElec   .          Harm     .   (cloak unavailable)
rCorr   .          Rampage  .   (gloves unavailable)
Will    ++...                   (boots unavailable)
Stlth   +++++.....              (no amulet)
HPRegen 0.19/turn               w - +4 ring of evasion
MPRegen 0.20/turn               y - +4 ring of evasion

@: quick
A: reduced essence, very small, claws 1, fangs 3, see invisible, speed 1, shaggy
fur 3, stealthy paws, no weapons or thrown items, no armour, multi-lived
a: Renounce Religion, Recall Ancestor, Ancestor Identity, Transference, Idealise


You were on level 15 of the Dungeon.
You worshipped Hepliaklqana.
Hepliaklqana was exalted by your worship.
You visited 4 branches of the dungeon, and saw 24 of its levels.
You also visited: Ossuary, Bailey and Gauntlet.

You collected 5154 gold pieces.
You spent 746 gold pieces at shops.

Inventory:

Jewellery
 f - a ring of resist corrosion
 j - a ring of poison resistance
 p - a ring of flight
 r - an amulet of the acrobat
 w - a +4 ring of evasion (left paw)
 y - a +4 ring of evasion (right paw)
 K - a ring of protection from cold
Wands
 x - a wand of acid (11)
 E - a wand of polymorph (14)
 G - a wand of digging (17)
 H - a wand of iceblast (11)
 L - a wand of flame (39)
 N - a wand of mindburst (28)
 O - a wand of charming (6)
Scrolls
 e - 3 scrolls of vulnerability
 i - a scroll of blinking
 l - 5 scrolls of teleportation
 m - a scroll of torment
 o - 8 scrolls of noise
 t - 2 scrolls of fear
 u - 5 scrolls of immolation
 v - 6 scrolls of amnesia
 F - 2 scrolls of magic mapping
 I - 4 scrolls of summoning
 J - 5 scrolls of fog
 M - 3 scrolls of silence
 Q - 6 scrolls of identify
Potions
 a - 3 potions of magic
 b - 4 potions of cancellation
 c - 2 potions of flight
 d - 13 potions of curing
 g - 6 potions of might
 h - 2 potions of invisibility
 k - 9 potions of mutation
 n - 2 potions of brilliance
 q - 5 potions of haste
 z - 4 potions of lignification
 A - 6 potions of heal wounds
 B - a potion of resistance
 C - 6 potions of ambrosia
 P - 3 potions of berserk rage
Miscellaneous
 S - a tin of tremorstones (2/2)


   Skills:
 + Level 9.4 Fighting
 + Level 9.7 Dodging
 + Level 12.4 Stealth
 - Level 8.4 Spellcasting
 - Level 10.0 Hexes
 - Level 18.6 Summonings
 * Level 3.7 Transmutations
 * Level 6.0 Air Magic
 - Level 10.0 Invocations


You couldn't memorise any spells.
You knew the following spells:

 Your Spells              Type           Power      Damage    Failure   Level
a - Summon Small Mammal   Summ           100%       N/A       0%          1
b - Summon Mana Viper     Hex/Summ       66%        N/A       1%          5
c - Call Canine Familiar  Summ           77%        N/A       0%          3
d - Summon Guardian Gole  Hex/Summ       66%        N/A       1%          3
e - Summon Lightning Spi  Summ/Air       61%        N/A       1%          4
f - Summon Cactus Giant   Summ           38%        N/A       1%          6
g - Summon Hydra          Summ           38%        N/A       2%          7

Your spell library contained the following spells:

 Spells                   Type           Power      Damage    Failure   Level
 Call Imp                 Summ           77%        N/A       0%          2
 Ensorcelled Hibernation  Hex/Ice        64%        N/A       1%          2
 Confusing Touch          Hex            54%        N/A       1%          3
 Summon Ice Beast         Ice/Summ       51%        N/A       1%          4
 Dazzling Flash           Conj/Hex       64%        N/A       2%          3
 Inner Flame              Hex/Fire       32%        N/A       2%          3
 Animate Skeleton         Necr           18%        N/A       7%          1
 Apportation              Tloc           18%        N/A       7%          1
 Foxfire                  Conj/Fire      36%        2x1d5     7%          1
 Magic Dart               Conj           36%        1d4       7%          1
 Silence                  Hex/Air        23%        N/A       7%          5
 Mephitic Cloud           Conj/Pois/Air  19%        N/A       9%          3
 Yara's Violent Unravell  Hex/Tmut       20%        3d9       11%         5
 Conjure Flame            Conj/Fire      9%         6-21      21%         3
 Gell's Gravitas          Tloc           9%         N/A       21%         3
 Teleport Other           Tloc           9%         N/A       21%         3
 Flame Wave               Conj/Fire      9%         2d5       54%         4
 Irradiate                Conj/Tmut      9%         3d16      63%         5
 Enfeeble                 Hex            27%        N/A       67%         7
 Agony                    Necr           9%         N/A       88%         5
 Conjure Ball Lightning   Conj/Air       11%        3x3d6     96%         6
 Dispersal                Tloc           4%         N/A       100%        6
 Iron Shot                Conj/Erth      4%         9d2       100%        6
 Storm Form               Tmut/Air       16%        N/A       100%        7
 Discord                  Hex            27%        N/A       100%        8
 Disjunction              Tloc           4%         N/A       100%        8
 Maxwell's Capacitive Co  Air            18%        ∞         100%        8
 Chain Lightning          Conj/Air       11%        3d15      100%        9
 Fire Storm               Conj/Fire      4%         8d1       100%        9
 Shatter                  Erth           4%         3d8*      100%        9


Dungeon Overview and Level Annotations

Branches:
Dungeon (15/15)            Temple (1/1) D:4            Lair (6/6) D:8
  Swamp (0/4) Lair:3       Spider (0/4) Lair:3        Slime (0/5) Lair:5
    Orc (2/2) D:11            Elf (0/3) Orc:2        Vaults (0/5) D:14
Ossuary (visited)          Bailey (visited)         Gauntlet (visited)
 Depths: D:15

Altars:
Ashenzari
Cheibriados
Dithmenos
Elyvilon
Fedhas
Gozag
Hepliaklqana
Kikubaaqudgha
Makhleb
Nemelex Xobeh
Okawaru
Qazlal
Ru
Sif Muna
Trog
Uskayaw
Vehumet
Wu Jian
Xom
Yredelemnul
Zin
The Shining One

Shops:
D:7 :   D:9 (   Orc:2 [*(:

Portals:
Hell: Lair:6

Annotations:
D:15 Nessos
Lair:5 1 runed translucent door, SlaveLabor's ghost, journeyman MiFi


Innate Abilities, Weirdness & Mutations

Your life essence is reduced to manifest your ancestor. (-10% HP)
You have sharp claws.
You have razor-sharp teeth.
You have supernaturally acute eyesight. (SInv)
You cover ground quickly. (Speed+)
Your thick and shaggy fur keeps you warm. (AC +3, rC+)
Your paws help you pounce on unaware monsters.
You are incapable of wielding weapons or throwing items.
You cannot wear armour.
You gain extra lives every three experience levels.


Message History

What are your orders? t - Meow!
Orders for allies: a - Attack new target. p - Attack previous target. r - Retreat! s - Stop attacking. g - Guard the area. f - Follow me.
Anything else - Cancel.
Gang up on whom?
Press: ? - help, Dir - move target, f/p - Nessos
Aim: Nessos, wielding a +3 longbow of flaming and wearing a +0 barding (almost dead, fast, ally target) Attack!
Nessos mumbles some strange words.
Nessos blinks!
Something closely misses your warg.
Something kicks your warg but does no damage.
You start resting.
Nessos wields a +3 longbow of flaming.
It bursts into flame!
Nessos shoots an arrow.
The arrow hits your warg! The arrow burns your warg.
Your warg is poisoned.
Flame seeps out of your guardian golem. What are your orders? t - Meow!
Orders for allies: a - Attack new target. p - Attack previous target. r - Retreat! s - Stop attacking. g - Guard the area. f - Follow me.
Anything else - Cancel.
Gang up on whom?
Press: ? - help, Dir - move target, f/p - Nessos
Aim: Nessos, wielding a +3 longbow of flaming and wearing a +0 barding (almost dead, fast, ally target) Attack!
Nessos mumbles some strange words.
Nessos blinks!
Your guardian golem is engulfed in blazing flames.
Flame seeps out of your guardian golem.
Nessos shoots an arrow.
The arrow completely misses you. The arrow hits your guardian golem!!
Flame seeps out of your guardian golem. The arrow burns your guardian golem.
Your guardian golem disappears in a puff of smoke!
Your guardian golem explodes!
The fiery explosion engulfs you!!
* * * LOW HITPOINT WARNING * * *
You are engulfed in blazing flames.
You die...

..... .. #.
#.^.c...[..######.
#.................
#.. ..............
#c. .....c.......
#.# #...........
#.# #...........
#§# #...........
#@# #.$.........
#°# ###.........
#h#######.........
#....§h§.R...#'###
############.#)#
#.#÷# ..#.#
.########.#
.......<#.#


You could see Nessos (fast, ally target) and a friendly warg (summoned,
sheltered, very poisoned).

Vanquished Creatures
  A polar bear (Lair:4)
  A swamp worm (Lair:3)
  A hell hound (Lair:6)
  2 electric eels (Bailey)
  A mummy (Ossuary)
  3 orcs
  An endoplasm (D:1)
  3 giant cockroaches
  A kobold (D:1)
  A quokka (D:1)
  A ball python (D:2)
  A bat (D:1)
  2 goblins (D:1)
  A quokka zombie (D:4)
  A rat (D:1)
  A rat zombie (D:4)
22 creatures vanquished.

Vanquished Creatures (collateral kills)
  Kirke (Lair:6)
  An orc warlord (Orc:2)
  A quicksilver ooze (Gauntlet)
  A minotaur (Gauntlet)
  Fannar (Lair:1)
  A centaur warrior (D:13)
  10 hydras
  A catoblepas (D:13)
  5 boulder beetles
  4 death yaks (Lair:6)
  6 two-headed ogres
  A tengu warrior (D:13)
  2 thrashing horrors (Gauntlet)
  3 orc high priests (Orc:2)
  A sun demon (Lair:6)
  Sonja (Lair:6)
  6 skeletal warriors
  An orb spider (Lair:3)
  A wizard (D:14)
  2 bog bodies (Lair:3)
  A deep elf pyromancer (D:15)
  6 orc knights
  A lindwurm (D:14)
  An ugly thing (D:12)
  A wolf spider (Lair:6)
  8 orc sorcerers
  A cyclops (D:12)
  7 elephants
  4 manticores
  7 black mambas
  2 orange demons (Lair:6)
  12 cane toads
  3 torpor snails (Lair:2)
  4 gargoyles
  11 komodo dragons
  2 kobold demonologists
  An unseen horror (D:12)
  5 rime drakes
  4 ice devils (Lair:6)
  A hellwing (Lair:6)
  An efreet (D:14)
  7 trolls
  A tarantella (shapeshifter) (D:13)
  A wind drake (shapeshifter) (D:13)
  A hornet (D:10)
  10 polar bears
  13 blink frogs
  A slime creature (D:12)
  A blink frog (shapeshifter) (D:13)
  14 dream sheep
  2 wraiths
  2 water elementals (D:11)
  3 vampires
  A shadow (D:11)
  7 hogs (Lair:6)
  6 wyverns
  30 yaks
  2 basilisks
  A golden eye (shapeshifter) (D:14)
  A redback simulacrum (D:14)
  6 vampire mosquitoes
  5 wargs
  2 swamp worms (Lair:3)
  3 acid dragons
  A nameless horror (D:11)
  2 hell hounds (Lair:6)
  13 water moccasins
  35 orc warriors
  2 sky beasts
  2 black bears
  7 wolves
  8 centaurs
  7 ogres
  2 phantoms
  3 kobold brigands
  3 small abominations (Gauntlet)
  10 bullfrogs
  2 gnoll sergeants
  A necrophage (D:6)
  2 scorpions
  A wight (D:6)
  A hornet simulacrum (D:11)
  Dowan (D:6)
  5 killer bees (D:8)
  8 electric eels
  6 howler monkeys
  2 hounds
  2 jellies (D:4)
  19 orc priests
  2 iguanas
  23 orc wizards
  7 mummies (Ossuary)
  17 gnolls
  8 adders
  An ufetubus (D:5)
  2 worms
  4 dart slugs
  72 orcs
  7 endoplasms
  A giant cockroach (D:3)
  3 gnoll zombies (Ossuary)
  10 goblins
  12 hobgoblins
  3 jackals (D:2)
  7 ball pythons
  4 bats
  4 frilled lizards
  3 hobgoblin zombies (Ossuary)
  20 kobolds
  A kobold zombie (Ossuary)
  An orc zombie (Ossuary)
  6 rats
616 creatures vanquished.

Vanquished Creatures (others)
  Gastronok (D:9)
  A wizard (Lair:6)
  Maggie (D:7)
  A jumping spider (shapeshifter) (D:13)
  A yak (D:8)
  A steam dragon (D:7)
  An acid dragon (D:9)
  Duvessa (D:6)
  An ice beast (D:5)
  2 centaurs (D:9)
  3 ogres
  A kobold brigand (D:9)
  A gnoll sergeant (D:9)
  A necrophage (D:6)
  2 scorpions (D:6)
  4 wights (D:6)
  A killer bee (D:8)
  An iguana (D:6)
  4 ancestors
  7 knights
  An orc wizard (Orc:1)
  A gnoll (D:9)
  2 orcs (D:11)
  2 kobolds (D:9)
  2 bushes
  13 fungi
  30 plants
87 creatures vanquished.

Grand Total: 725 creatures vanquished

Notes
Turn   | Place    | Note
-------+----------+-------------------------------------------
     0 | D:1      | Ajdolov the Felid Summoner began the quest for the Orb.
     0 | D:1      | Reached XP level 1. HP: 7/7 MP: 4/4
   444 | D:1      | Reached XP level 2. HP: 11/11 MP: 1/6
   450 | D:1      | Learned a level 2 spell: Call Imp
   741 | D:1      | Found a faded altar of an unknown god.
  1948 | D:2      | Reached skill level 5 in Summonings
  1975 | D:2      | Reached XP level 3. HP: 4/14 MP: 0/7
  2586 | D:2      | You fall into a shaft and drop 1 floor!
  2842 | D:3      | Reached XP level 4. HP: 18/18 MP: 8/8
  3385 | D:3      | Learned a level 3 spell: Call Canine Familiar
  3538 | D:2      | Reached skill level 6 in Summonings
  3603 | D:2      | Found a glowing silver altar of Zin.
  4200 | D:2      | Reached XP level 5. HP: 21/21 MP: 3/9
  4829 | D:4      | Found a sand-covered staircase.
  4845 | Ossuary  | Entered an ossuary
  5469 | Ossuary  | Reached skill level 7 in Summonings
  5614 | D:4      | Gained mutation: You are covered in thick fur. (AC +2)
                  | [Felid growth]
  5614 | D:4      | Reached XP level 6. HP: 24/24 MP: 5/11
  5618 | D:4      | Learned a level 3 spell: Summon Guardian Golem
  5674 | D:4      | Found a staircase to the Ecumenical Temple.
  5684 | Temple   | Entered the Ecumenical Temple
  5764 | D:4      | Reached skill level 1 in Hexes
  6552 | D:4      | Found a basalt altar of Yredelemnul.
  6631 | D:4      | Found a glowing silver altar of Zin.
  6631 | D:4      | Found an opulent altar of Gozag.
  6740 | D:5      | Entered Level 5 of the Dungeon
  6740 | D:5      | Found a snail-covered altar of Cheibriados.
  6740 | D:5      | Found a sparkling altar of Nemelex Xobeh.
  7175 | D:5      | Reached XP level 7. HP: 27/27 MP: 5/12
  7537 | D:5      | Reached skill level 5 in Hexes
  7681 | D:5      | Reached skill level 8 in Summonings
  7857 | D:5      | Found a stormy altar of Qazlal.
  8357 | D:6      | Reached skill level 9 in Summonings
  8367 | D:6      | Reached XP level 8. HP: 31/31 MP: 6/13
  8796 | D:6      | Reached skill level 10 in Summonings
  9413 | D:6      | Reached skill level 11 in Summonings
  9461 | D:6      | Learned a level 4 spell: Summon Lightning Spire
  9535 | D:6      | Noticed Dowan
  9537 | D:6      | Noticed Duvessa
  9567 | D:6      | Killed Duvessa
  9568 | D:6      | Reached skill level 1 in Fighting
  9568 | D:6      | Reached skill level 1 in Air Magic
  9576 | D:6      | Killed Dowan
  9747 | D:6      | Reached XP level 9. HP: 36/36 MP: 8/14
 10048 | D:7      | Noticed Maggie
 10074 | D:7      | Killed Maggie
 10518 | D:7      | Noticed a troll
 10523 | D:7      | Killed a troll
 10544 | D:7      | Found a flagged portal.
 10584 | Bailey   | Entered a bailey
 11098 | Bailey   | Noticed an orc sorcerer
 11113 | Bailey   | Paralysed by an orc sorcerer for 6 turns
 11118 | Bailey   | Noticed an ice devil
 11118 | Bailey   | Killed an orc sorcerer
 11119 | Bailey   | Reached skill level 12 in Summonings
 11283 | Bailey   | Noticed a kobold demonologist
 11289 | Bailey   | Noticed a hellwing
 11291 | Bailey   | Noticed a hellwing
 11317 | Bailey   | HP: 2/40 [electric eel/bolt of electricity (10)]
 11324 | Bailey   | Killed from afar by an electric eel
 11325 | Bailey   | Reached XP level 8. HP: -9/36 MP: 5/13
 11331 | Bailey   | Killed a kobold demonologist
 11332 | Bailey   | Reached skill level 5 in Fighting
 11332 | Bailey   | Reached XP level 9. HP: 40/40 MP: 9/14
 11843 | Bailey   | Found an iron altar of Okawaru.
 12240 | Bailey   | Reached skill level 5 in Air Magic
 12755 | Bailey   | Acquired Otuas's Incunabulum of Attacks and the Entourage
 12756 | Bailey   | Acquired 659 gold pieces
 13004 | D:7      | Found Luptej's Self-Improvement Boutique.
 13173 | D:8      | Found a staircase to the Lair.
 13226 | D:8      | Found a hazy altar of Hepliaklqana.
 13234 | D:8      | Became a worshipper of Hepliaklqana the Forgotten
 13398 | D:8      | Found a shimmering altar of Xom.
 13611 | D:8      | Reached XP level 10. HP: 46/46 MP: 9/15
 13884 | D:8      | Reached skill level 5 in Dodging
 14179 | D:9      | Found a burning altar of Makhleb.
 14325 | D:9      | Reached skill level 13 in Summonings
 14512 | D:9      | Acquired 1314 gold pieces
 14521 | D:9      | Noticed Gastronok
 15207 | D:9      | Found Ynytazaxt's Weapon Emporium.
 15326 | D:9      | Noticed a boulder beetle
 15331 | D:9      | Noticed a two-headed ogre
 15396 | D:9      | Noticed a two-headed ogre
 15403 | D:9      | Noticed a gargoyle
 15405 | D:9      | Killed a two-headed ogre
 15408 | D:9      | Killed a gargoyle
 15596 | D:9      | Killed Gastronok
 15597 | D:9      | Reached skill level 5 in Spellcasting
 15838 | D:10     | Entered Level 10 of the Dungeon
 15850 | D:10     | Learned a level 6 spell: Summon Cactus Giant
 15938 | D:10     | Reached * piety under Hepliaklqana
 15961 | D:10     | Reached XP level 11. HP: 44/44 MP: 15/20
 16317 | D:10     | Reached skill level 14 in Summonings
 16486 | D:10     | Found an ancient bone altar of Kikubaaqudgha.
 16942 | D:11     | Acquired the Tome of the Ageless Ziggurats
 17328 | D:11     | Noticed an orc knight
 17329 | D:11     | Found a staircase to the Orcish Mines.
 17340 | D:11     | Killed an orc knight
 17603 | D:11     | Reached ** piety under Hepliaklqana
 17604 | D:11     | Remembered your ancestor Wilfreda as a knight
 18985 | Lair:1   | Entered Level 1 of the Lair of Beasts
 19504 | Lair:1   | Reached skill level 10 in Hexes
 19524 | Lair:1   | Reached skill level 15 in Summonings
 19831 | Lair:1   | Noticed Fannar
 19852 | Lair:1   | Killed Fannar
 19853 | Lair:1   | Reached skill level 1 in Invocations
 19853 | Lair:1   | Gained mutation: Your thick and shaggy fur keeps you warm.
                  | (AC +3, rC+) [Felid growth]
 19853 | Lair:1   | Reached XP level 12. HP: 43/47 MP: 8/22
 20572 | Lair:1   | Reached *** piety under Hepliaklqana
 20674 | Lair:1   | Learned a level 5 spell: Summon Mana Viper
 20681 | Lair:2   | Noticed an eight-headed hydra
 20687 | Lair:2   | Killed an eight-headed hydra
 20897 | Lair:2   | Found a snail-covered altar of Cheibriados.
 20929 | Lair:2   | Reached skill level 5 in Invocations
 21292 | Lair:2   | Noticed a six-headed hydra
 21314 | Lair:2   | Killed a six-headed hydra
 22275 | Lair:3   | Found a hole to the Spider Nest.
 22352 | Lair:3   | Identified the ring "Corph" {Fly Str+5 Dex-5}
 22456 | Lair:3   | You fall into a shaft and drop 2 floors!
 22459 | Lair:5   | Found a staircase to the Slime Pits.
 22461 | Lair:5   | Noticed a five-headed hydra
 22470 | Lair:5   | Reached skill level 16 in Summonings
 22470 | Lair:5   | Killed a five-headed hydra
 22840 | Lair:4   | Reached XP level 13. HP: 51/51 MP: 7/23
 23119 | Lair:4   | Reached **** piety under Hepliaklqana
 23555 | Lair:4   | Reached skill level 10 in Invocations
 24776 | Lair:3   | Reached skill level 17 in Summonings
 24906 | Lair:3   | Found a staircase to the Swamp.
 25380 | Lair:5   | Noticed SlaveLabor's ghost (journeyman MiFi)
 25528 | Lair:5   | Found a runed translucent door.
 26024 | Lair:6   | Entered Level 6 of the Lair of Beasts
 26039 | Lair:6   | Reached ***** piety under Hepliaklqana
 26210 | Lair:6   | Noticed Kirke
 26236 | Lair:6   | Killed Kirke
 26380 | Lair:6   | Noticed Sonja
 26396 | Lair:6   | Killed Sonja
 26457 | Lair:6   | Reached skill level 18 in Summonings
 26689 | Lair:6   | Reached XP level 14. HP: 54/54 MP: 23/27
 26698 | Lair:6   | Learned a level 7 spell: Summon Hydra
 27104 | Lair:6   | Reached XP level 15. HP: 57/57 MP: 16/28
 27382 | Lair:6   | Reached skill level 5 in Stealth
 27579 | Lair:6   | Found a burning altar of Makhleb.
 27585 | Lair:6   | Found a gateway to Hell.
 27592 | Lair:6   | Identified the +3 robe of Myru {rF+++ rC- Will- Archmagi}
 28766 | D:12     | Found a gate leading to a gauntlet.
 28791 | Gauntlet | Entered a Gauntlet
 28791 | Gauntlet | Found a transporter.
 28794 | Gauntlet | Found a transporter.
 28796 | Gauntlet | Found a transporter.
 28813 | Gauntlet | Found a transporter.
 28860 | Gauntlet | Found a transporter.
 28872 | Gauntlet | Found a runed translucent gate.
 28873 | Gauntlet | Found a transporter.
 28873 | Gauntlet | Found a runed translucent gate.
 28874 | Gauntlet | Found a runed translucent gate.
 28885 | Gauntlet | Found the ring of Shadows {Umbra +Inv Stlth+}
 28886 | Gauntlet | Found a transporter.
 28903 | Gauntlet | Found a transporter.
 28907 | Gauntlet | Found a transporter.
 28916 | Gauntlet | Found a transporter.
 29047 | Gauntlet | Identified the ring of Ilitaor {Str+7 Int+6}
 29117 | Gauntlet | Identified the ring of the Several Moons {Ice Int+2}
 29125 | Gauntlet | Identified the +5 arbalest of Twilight {vorpal, *Slow Fly
                  | Int-5 Stlth+}
 29984 | D:12     | Found the +18 Lear's hauberk
 30366 | Orc:1    | Entered Level 1 of the Orcish Mines
 30460 | Orc:1    | Killed from afar by an orc sorcerer
 30461 | Orc:1    | Reached XP level 14. HP: -12/56 MP: 9/27
 30470 | Orc:1    | Reached skill level 10 in Stealth
 31490 | Orc:2    | Entered Level 2 of the Orcish Mines
 32005 | Orc:2    | Found a staircase to the Elven Halls.
 32556 | Orc:2    | Noticed an orc warlord
 32570 | Orc:2    | Killed an orc warlord
 33695 | Orc:2    | Found Bany's General Store.
 33696 | Orc:2    | Found Gul Lial's Book Boutique.
 33697 | Orc:2    | Found Joapetocw's Antique Armour Shop.
 33697 | Orc:2    | Found Erem's Antique Weapon Shop.
 33719 | Orc:2    | Bought a scroll of teleportation for 42 gold pieces
 33721 | Orc:2    | Bought a book of the Sky for 704 gold pieces
 34280 | D:13     | Reached skill level 1 in Transmutations
 34280 | D:13     | Reached XP level 15. HP: 60/60 MP: 14/28
 35303 | D:13     | Reached ****** piety under Hepliaklqana
 35969 | D:14     | Found a gate to the Vaults.
 36748 | D:15     | Entered Level 15 of the Dungeon
 36761 | D:15     | Noticed Nessos
 36778 | D:15     | Shot with an arrow by Nessos
 36779 | D:15     | Reached XP level 14. HP: -3/57 MP: 15/27
 37081 | D:15     | Engulfed by their own flame

Illustrated notes

Levels and vault maps discovered:
D:1:      dpeg_arrival_subterranean_lakeside_camping, layout_basic,
          hellmonk_ecumenical_altar_lost_god
D:2:      layout_basic, basic_altar, minmay_box_of_dots
D:3:      layout_basic, minmay_misc_feat_room
D:4:      layout_basic, grunt_temple_overflow_gold_and_silver,
          mainiacjoe_overflow_boulevard, temple_pool_b, enter_ossuary_4,
          serial_bayou_pond_c
D:5:      layout_loops_corners, mainiacjoe_overflow_large_starburst,
          nicolae_qazlal_general_emergency
D:6:      layout_loops_corners, serial_glass, glass_columns_b, glass_columns_b,
          uniq_duvessa
D:7:      layout_rooms, serial_curves, eino_curves_03, eino_curves_03,
          enter_bailey_4, nicolae_shop_self_help, uniq_maggie
D:8:      layout_rooms, mainiacjoe_overflow_cross_hatched,
          mainiacjoe_overflow_small_starburst, lair_entry_dummy
D:9:      layout_roguey, pf_just_have_faith, serial_shops, shop_coins,
          minmay_misc_feat_square, onia_ninara_dug_in_and_dangerous,
          uniq_gastronok
D:10:     layout_big_octagon, kennysheep_little_box
D:11:     layout_long_grid, erik_orc_2
D:12:     minmay_polygon_palace, layout_small_grid, gauntlet_entry_generic
D:13:     layout_layer_cave
D:14:     layout_basic, david_vaults_4, portal_ice_cave_entry_pillars_2,
          minivault_24
D:15:     grunt_enter_depths_hoard, layout_basic, nicolae_tso_carved_into_rock,
          uniq_nessos
Temple:   nicolae_temple_x_marks_the_god
Lair:1:   wander_river, layout_loops_ring, minivault_24,
          chequers_serial_rivers_room_a, uniq_fannar
Lair:2:   layout_loops_ring, kennysheep_snail_temple, grunt_megastairs_3,
          infiniplex_staircase_pool_2
Lair:3:   layout_hall_layers, nicolae_swamp_entry_splash_gauntlet,
          nicolae_spider_entry_orb_guardian, serial_bayou_shore_a,
          serial_bayou_shore_b
Lair:4:   layout_hall_layers, beast_lair_carwin_7
Lair:5:   layout_roguey, dpeg_slime_entry_corner, hellmonk_ghost_happy_afterlife
Lair:6:   evil_forest, layout_hall_layers, eino_small_chamber_without_monster,
          uniq_sonja, uniq_kirke
Orc:1:    layout_caves, gammafunk_ghost_smash, guppyfry_library_mini
Orc:2:    st_orc_congregation, layout_diamond_mine

Skill      XL: |  1  2  3  4  5  6  7  8  9 10 11 12 13 14 15 |
---------------+----------------------------------------------+-----
Summonings     | 5 6 7 9 11 12 13 15 16 18 | 18.6
Hexes          | 4 5 10 | 10.0
Spellcasting   | 3 5 6 8 |  8.4
Fighting       | 5 6 9 8 |  9.4
Air Magic      | 1 5 6 |  6.0
Dodging        | 4 5 9 8 |  9.7
Invocations    | 1 8 10 | 10.0
Stealth        | 12 9 | 12.4
Transmutations | 1 3 |  3.7

Action                   |  1- 3 |  4- 6 |  7- 9 | 10-12 | 13-15 || total
-------------------------+-------+-------+-------+-------+-------++-------
Melee: Unarmed           |    35 |    39 |    25 |    10 |    18 ||   127
       Bite              |     4 |     7 |     5 |     1 |     6 ||    23
 Cast: Summon Small Mamm |    26 |     6 |       |     1 |     1 ||    34
       Call Imp          |    23 |    33 |     1 |     1 |       ||    58
       Call Canine Famil |       |    31 |    50 |    40 |    63 ||   184
       Summon Guardian G |       |     4 |    37 |    16 |     1 ||    58
       Summon Lightning  |       |       |    21 |    34 |     3 ||    58
       Summon Cactus Gia |       |       |       |    42 |    85 ||   127
       Summon Mana Viper |       |       |       |    18 |   107 ||   125
       Summon Hydra      |       |       |       |       |    16 ||    16
Invok: Recall Ancestor   |       |       |       |     6 |    17 ||    23
       Ancestor Life: Kn |       |       |       |     1 |       ||     1
       Transference      |       |       |       |     1 |     1 ||     2
Evoke: Wand              |       |       |     3 |     1 |     5 ||     9
  Use: Scroll            |       |       |     2 |    18 |    16 ||    36
       Potion            |       |       |     1 |       |     4 ||     5
 Stab: Sleeping          |     2 |     2 |       |       |       ||     4
       Distracted        |     1 |     2 |     1 |       |       ||     4
Armor: Skin              |     5 |       |     4 |     1 |       ||    10
Dodge: Dodged            |    76 |    53 |   101 |    90 |    95 ||   415

Table legend: (Time is in decaauts)
 A = Elapsed time spent in this place.
 B = Non-inter-level travel time spent in this place.
 C = Inter-level travel time spent in this place.
 D = Time resting spent in this place.
 E = Time spent auto-exploring this place.
 F = Levels seen in this place.
 G = Mean time per level.
                   A        B        C        D        E       F      G
               +--------+--------+--------+--------+--------+-----+--------+
         Total |  33945 |  33004 |    941 |   6925 |  19199 |  27 | 1257.2 |
       Dungeon |  18747 |  18192 |    555 |   3361 |  11165 |  15 | 1249.8 |
        Temple |     44 |     39 |      5 |      0 |     33 |   1 |   44.0 |
          Lair |   8837 |   8537 |    300 |   1501 |   5543 |   6 | 1472.8 |
  Orcish Mines |   3194 |   3114 |     80 |    347 |   2028 |   2 | 1597.0 |
       Ossuary |    688 |    688 |      0 |    276 |    154 |   1 |  688.0 |
        Bailey |   2091 |   2091 |      0 |   1383 |    235 |   1 | 2091.0 |
      Gauntlet |    341 |    341 |      0 |     55 |     39 |   1 |  341.0 |
               +--------+--------+--------+--------+--------+-----+--------+

Top non-repeatable levels by time:
    D:11: 2352 daAuts
  Lair:6: 2267 daAuts
   Orc:2: 2149 daAuts
  Bailey: 2091 daAuts
     D:2: 1843 daAuts
     D:1: 1654 daAuts
  Lair:1: 1612 daAuts
     D:6: 1566 daAuts
  Lair:2: 1448 daAuts
     D:9: 1431 daAuts
  Lair:4: 1395 daAuts
  Lair:3: 1367 daAuts
    D:13: 1349 daAuts
    D:12: 1293 daAuts
     D:5: 1241 daAuts
